 Dungeon Crawl Stone Soup version 0.25.1-2-g60ff931df9 (webtiles) character file.

Game seed: 16153342805470047559

15176 gruber the Thaumaturge (level 12, -1/94 HPs)
             Began as a Gnoll Skald on Oct 8, 2020.
             Slain by an ogre mage
             ... wielding a +0 spear
              (3 damage)
             ... on level 2 of the Orcish Mines.
             The game lasted 00:14:39 (12551 turns).

gruber the Thaumaturge (Gnoll Skald)               Turns: 12551, Time: 00:14:40

Health: -1/94      AC: 12    Str: 22    XL:     12   Next: 24%
Magic:  24/24      EV: 16    Int: 23    God:
Gold:   576        SH:  0    Dex: 15    Spells: 20/28 levels left

rFire    x . .     SeeInvis +   k - +6 shortbow "Zeup" {flame, MR+ Int+3 SInv}
rCold    . . .     Gourm    .   (shield currently unavailable)
rNeg     + + .     Faith    .   F - +0 swamp dragon scales
rPois    +         Spirit   .   D - +0 helmet
rElec    +         Reflect  .   (no cloak)
rCorr    +         Harm     .   J - +0 pair of gloves
MR       ++...                  (no boots)
Stlth    +++.......             (no amulet)
HPRegen  0.25/turn              B - ring of Enniqa {rPois rF- rN++ rCorr Str+8}
MPRegen  0.19/turn              O - ring of Nenozado {+Fly rElec MR+ SInv}

@: singing, slowed, very slow
A: distributed training, fangs 1, strong nose
a: Evoke Flight


You were on level 2 of the Orcish Mines.
You were not hungry.

You visited 2 branches of the dungeon, and saw 13 of its levels.

You collected 576 gold pieces.

Inventory:

Hand Weapons
 k - the +6 shortbow "Zeup" (weapon) {flame, MR+ Int+3 SInv}
   (You found it on level 9 of the Dungeon)

   It causes projectiles fired from it to burn those they strike, causing extra
   injury to most foes and up to half again as much damage against particularly
   susceptible opponents.
   It affects your intelligence (+3).
   It affects your resistance to hostile enchantments.
   It lets you see invisible.
 w - a +6 eveningstar of draining
 y - a +0 trident
 H - a +1 halberd of freezing
Missiles
 h - 46 poisoned darts
 t - 87 arrows (quivered)
 Q - 6 javelins
Armour
 l - +2 ice dragon scales
 D - a +0 helmet (worn)
 F - +0 swamp dragon scales (worn)
 J - a +0 pair of gloves (worn)
 S - the +1 cloak of the Wasteland {Harm rElec rN+ Str+4}
   (You found it on level 10 of the Dungeon)

   It affects your strength (+4).
   It insulates you from electricity.
   It protects you from negative energy.
   It increases damage dealt and taken.
Jewellery
 B - the ring of Enniqa (left hand) {rPois rF- rN++ rCorr Str+8}
   (You found it on level 6 of the Dungeon)

   [ring of resist corrosion]

   It affects your strength (+8).
   It makes you vulnerable to fire.
   It protects you from poison.
   It greatly protects you from negative energy.
   It provides partial protection from all sources of acid and corrosion.
 O - the ring of Nenozado (right hand) {+Fly rElec MR+ SInv}
   (You took it off a wizard on level 9 of the Dungeon)

   [ring of flight]

   It insulates you from electricity.
   It affects your resistance to hostile enchantments.
   It lets you see invisible.
   It lets you fly.
Wands
 s - a wand of paralysis (17)
 G - a wand of enslavement (12)
 I - a wand of flame (24)
 K - a wand of digging (4)
 N - a wand of polymorph (13)
 P - a wand of iceblast (4)
Scrolls
 a - 3 scrolls of magic mapping {unknown}
 b - a scroll of silence {unknown}
 c - 5 scrolls of remove curse
 f - 3 scrolls of blinking {unknown}
 g - 5 scrolls of amnesia {unknown}
 i - 2 scrolls of fear {unknown}
 j - 4 scrolls of identify
 o - 6 scrolls of enchant weapon
 x - a scroll of enchant armour {unknown}
 z - 2 scrolls of holy word {unknown}
 A - 5 scrolls of teleportation {unknown}
 E - 2 scrolls of noise {unknown}
Potions
 e - 3 potions of degeneration
 m - 5 potions of curing
 n - 2 potions of lignification {unknown}
 p - a potion of haste {unknown}
 q - 4 potions of heal wounds {unknown}
 r - 4 potions of magic {unknown}
 u - a potion of brilliance {unknown}
 v - a potion of stabbing {unknown}
 C - a potion of flight {unknown}
 L - a potion of might {unknown}
 M - a potion of invisibility {unknown}
Comestibles
 d - 24 rations


   Skills:
 + Level 8.4 Fighting
 + Level 7.0 Short Blades
 + Level 7.0 Long Blades
 + Level 7.0 Axes
 + Level 7.0 Maces & Flails
 + Level 8.4 Polearms
 + Level 7.0 Staves
 + Level 7.0 Slings
 + Level 7.0 Bows
 + Level 7.0 Crossbows
 + Level 7.0 Throwing
 + Level 7.5 Armour
 + Level 8.4 Dodging
 + Level 7.0 Stealth
 + Level 7.0 Shields
 + Level 7.0 Unarmed Combat
 + Level 8.7 Spellcasting
 + Level 5.8 Conjurations
 + Level 5.8 Hexes
 + Level 8.1 Charms
 + Level 5.8 Summonings
 + Level 5.8 Necromancy
 + Level 5.8 Translocations
 + Level 5.8 Transmutations
 + Level 5.8 Fire Magic
 + Level 5.8 Ice Magic
 + Level 5.8 Air Magic
 + Level 5.8 Earth Magic
 + Level 5.8 Poison Magic
 + Level 7.6 Invocations
 + Level 7.0 Evocations


You had 20 spell levels left.
You knew the following spells:

 Your Spells              Type           Power        Failure   Level  Hunger
a - Infusion              Chrm           ####         1%          1    None
b - Song of Slaying       Chrm           #####...     1%          2    None
c - Shroud of Golubria    Chrm/Tloc      #####.       1%          2    None
d - Spectral Weapon       Hex/Chrm       #####...     1%          3    None

Your spell library contained the following spells:

 Spells                   Type           Power        Failure   Level  Hunger
 Corona                   Hex            #####..      1%          1    None
 Ensorcelled Hibernation  Hex/Ice        #####.       1%          2    None
 Ozocubu's Armour         Chrm/Ice       #####...     1%          3    None
 Confusing Touch          Hex            #####...     2%          3    None
 Dazzling Flash           Conj/Hex       #####.       2%          3    None
 Gell's Gravitas          Tloc           #####.....   2%          3    None
 Portal Projectile        Hex/Tloc       #####.       2%          3    None
 Tukima's Dance           Hex            #####...     2%          3    None
 Hailstorm                Conj/Ice       #####...     9%          4    ##.....
 Iskenderun's Mystic Bla  Conj/Tloc      #####...     9%          4    ##.....
 Simulacrum               Ice/Necr       #####.....   80%         6    ######.


Dungeon Overview and Level Annotations

Branches:
Dungeon (11/15)            Temple (0/1) D:4             Orc (2/2) D:10
   Lair: D:8-11         Elf: Orc:2

Altars:
Ashenzari
Elyvilon
Gozag
Nemelex Xobeh
Qazlal
Trog
Uskayaw
Wu Jian
Xom
Yredelemnul

Shops:
D:7 *   D:9 (

Annotations:
D:3 1 runed translucent door, sixsigma's ghost, novice GnWz
D:8 1 runed translucent door, Vinx's ghost, novice MiFi
D:9 1 runed translucent door, ZomBoFoB's ghost, novice TeSu


Innate Abilities, Weirdness & Mutations

Your experience applies equally to all skills.
You have very sharp teeth.
Your uncanny sense of smell can sniff out nearby items.


Message History

Press: ? - help, Shift-Dir - straight line, f/p - two-headed ogre
Aim: a two-headed ogre, wielding two +0 giant spiked clubs (almost dead)
You shoot an arrow. The arrow hits the two-headed ogre!
The arrow burns the two-headed ogre.
You kill the two-headed ogre!
Your Short Blades skill increases to level 7!
Your Long Blades skill increases to level 7!
Your Axes skill increases to level 7!
Your Maces & Flails skill increases to level 7!
Your Staves skill increases to level 7!
Your Slings skill increases to level 7!
Your Bows skill increases to level 7!
Your Crossbows skill increases to level 7!
Your Throwing skill increases to level 7!
Your Stealth skill increases to level 7!
Your Shields skill increases to level 7!
Your Unarmed Combat skill increases to level 7!
Your Evocations skill increases to level 7!
An ogre mage comes into view.
The ogre mage hits you from afar with a +0 spear.
You die...

...... #.....#
########......#
...(.......(..#
O.(............
..OO...(.$.....
.$...O)[(......
<..O...@(.....(
........$......
.#............(
...............
....#..........
...............
.......#.......
.#.##.# #.#.#.#


You could see 3 two-headed ogres and 2 ogre magi.

Vanquished Creatures
  Harold (D:10)
  4 two-headed ogres
  An ogre mage (Orc:2)
  Sonja (Orc:2)
  Urug (D:10)
  A wizard (D:9)
  2 ugly things (D:9)
  Maggie (D:7)
  A tengu conjurer (D:9)
  A troll (D:10)
  A hornet (D:7)
  A hippogriff (D:10)
  A spriggan (D:8)
  14 yaks
  A basilisk (D:9)
  2 wargs (Orc:2)
  A soldier ant (D:10)
  A water moccasin (D:7)
  Duvessa (D:7)
  7 orc warriors
  A black bear (D:7)
  2 necrophages (D:8)
  5 ice beasts
  A phantom (D:5)
  A hornet zombie (D:5)
  9 ogres
  2 centaurs
  3 big kobolds
  6 bullfrogs
  Dowan (D:7)
  2 scorpions
  6 killer bees (D:10)
  A howler monkey (D:7)
  3 crimson imps
  A bullfrog zombie (D:9)
  A centaur zombie (D:6)
  3 jellies
  9 orc priests
  A bullfrog skeleton (D:8)
  3 hounds
  A centaur skeleton (D:6)
  2 iguanas
  12 orc wizards
  8 worker ants
  A hound zombie (D:9)
  A hound skeleton (D:8)
  A howler monkey zombie (D:6)
  A worker ant zombie (D:5)
  3 gnolls (Orc:2)
  7 adders
  2 shadow imps
  2 adder skeletons
  6 worms
  2 dart slugs
  7 leopard geckos
  46 orcs
  2 ball pythons
  10 bats
  5 giant cockroaches
  8 goblins
  8 hobgoblins
  17 jackals
  24 kobolds
  6 quokkas
  7 frilled lizards
  13 rats
  A spectral orc (D:7)
308 creatures vanquished.

Vanquished Creatures (others)
  6 spectral weapons
6 creatures vanquished.

Grand Total: 314 creatures vanquished

Notes
Turn   | Place    | Note
-------+----------+-------------------------------------------
     0 | D:1      | gruber the Gnoll Skald began the quest for the Orb.
     0 | D:1      | Reached XP level 1. HP: 20/20 MP: 6/6
   149 | D:1      | Reached XP level 2. HP: 20/26 MP: 7/7
   244 | D:1      | Learned a level 2 spell: Song of Slaying
   247 | D:1      | Learned a level 2 spell: Shroud of Golubria
   581 | D:1      | Reached XP level 3. HP: 31/31 MP: 2/9
   711 | D:1      | Reached skill level 5 in Spellcasting
  1004 | D:1      | Reached skill level 1 in Invocations
  1510 | D:2      | Reached skill level 1 in Short Blades
  1510 | D:2      | Reached skill level 1 in Long Blades
  1510 | D:2      | Reached skill level 1 in Axes
  1510 | D:2      | Reached skill level 1 in Maces & Flails
  1510 | D:2      | Reached skill level 1 in Staves
  1510 | D:2      | Reached skill level 1 in Slings
  1510 | D:2      | Reached skill level 1 in Bows
  1510 | D:2      | Reached skill level 1 in Crossbows
  1510 | D:2      | Reached skill level 1 in Throwing
  1510 | D:2      | Reached skill level 1 in Stealth
  1510 | D:2      | Reached skill level 1 in Shields
  1510 | D:2      | Reached skill level 1 in Unarmed Combat
  1510 | D:2      | Reached skill level 1 in Evocations
  1521 | D:2      | Reached XP level 4. HP: 38/38 MP: 11/11
  1546 | D:2      | Found a white marble altar of Elyvilon.
  1744 | D:2      | Found a sparkling altar of Nemelex Xobeh.
  1967 | D:2      | Reached skill level 1 in Conjurations
  1967 | D:2      | Reached skill level 1 in Hexes
  1967 | D:2      | Reached skill level 1 in Summonings
  1967 | D:2      | Reached skill level 1 in Necromancy
  1967 | D:2      | Reached skill level 1 in Translocations
  1967 | D:2      | Reached skill level 1 in Transmutations
  1967 | D:2      | Reached skill level 1 in Fire Magic
  1967 | D:2      | Reached skill level 1 in Ice Magic
  1967 | D:2      | Reached skill level 1 in Air Magic
  1967 | D:2      | Reached skill level 1 in Earth Magic
  1967 | D:2      | Reached skill level 1 in Poison Magic
  2422 | D:3      | Found a stormy altar of Qazlal.
  2518 | D:3      | Found a runed translucent door.
  2575 | D:3      | Found a hide-covered altar of Uskayaw.
  2729 | D:3      | Noticed a bullfrog
  2732 | D:3      | Noticed sixsigma's ghost (novice GnWz)
  2760 | D:3      | Reached XP level 5. HP: 43/43 MP: 12/12
  2773 | D:3      | Learned a level 3 spell: Spectral Weapon
  3134 | D:4      | Noticed an ogre
  3143 | D:4      | Killed an ogre
  3174 | D:4      | Reached XP level 6. HP: 37/50 MP: 1/13
  3379 | D:4      | Reached skill level 5 in Fighting
  3379 | D:4      | Reached skill level 5 in Polearms
  3379 | D:4      | Reached skill level 5 in Dodging
  3819 | D:4      | Found a staircase to the Ecumenical Temple.
  3867 | D:4      | Noticed a moth of wrath
  3869 | D:4      | Found a bloodstained altar of Trog.
  4166 | D:4      | Reached XP level 7. HP: 56/56 MP: 9/15
  4335 | D:5      | Entered Level 5 of the Dungeon
  4802 | D:5      | Reached XP level 8. HP: 27/63 MP: 0/16
  5463 | D:6      | Got a sparkling jade ring
  5465 | D:6      | Identified the ring of Enniqa {rPois rF- rN++ rCorr Str+8}
                  | (You found it on level 6 of the Dungeon)
  6181 | D:6      | Found an opulent altar of Gozag.
  6624 | D:7      | Reached XP level 9. HP: 69/69 MP: 14/18
  6775 | D:7      | Found a basalt altar of Yredelemnul.
  6854 | D:7      | Noticed Dowan
  6858 | D:7      | Noticed Duvessa
  6868 | D:7      | Killed Duvessa
  6871 | D:7      | Killed Dowan
  7054 | D:7      | Found an ornate altar of the Wu Jian Council.
  7174 | D:7      | Noticed a hornet
  7181 | D:7      | Killed a hornet
  7195 | D:7      | Noticed Maggie
  7333 | D:7      | Killed Maggie
  7333 | D:7      | Reached skill level 5 in Armour
  7530 | D:7      | Found Kuff's Assorted Antiques.
  7771 | D:8      | Reached skill level 5 in Invocations
  8029 | D:8      | Reached XP level 10. HP: 77/77 MP: 17/20
  8079 | D:8      | Found a runed translucent door.
  8139 | D:8      | Noticed Vinx's ghost (novice MiFi)
  8204 | D:8      | Noticed a two-headed ogre
  8211 | D:8      | Killed a two-headed ogre
  8211 | D:8      | Reached skill level 5 in Short Blades
  8211 | D:8      | Reached skill level 5 in Long Blades
  8211 | D:8      | Reached skill level 5 in Axes
  8211 | D:8      | Reached skill level 5 in Maces & Flails
  8211 | D:8      | Reached skill level 5 in Staves
  8211 | D:8      | Reached skill level 5 in Slings
  8211 | D:8      | Reached skill level 5 in Bows
  8211 | D:8      | Reached skill level 5 in Crossbows
  8211 | D:8      | Reached skill level 5 in Throwing
  8211 | D:8      | Reached skill level 5 in Stealth
  8211 | D:8      | Reached skill level 5 in Shields
  8211 | D:8      | Reached skill level 5 in Unarmed Combat
  8211 | D:8      | Reached skill level 5 in Evocations
  8860 | D:9      | Noticed a two-headed ogre
  8866 | D:9      | Killed a two-headed ogre
  8997 | D:9      | Found a runed translucent door.
  8997 | D:9      | Found a shimmering altar of Xom.
  8997 | D:9      | Noticed ZomBoFoB's ghost (novice TeSu)
  8998 | D:9      | Noticed a +1 mace of chaos
  9035 | D:9      | Found Qeneax's Weapon Boutique.
  9071 | D:9      | Reached XP level 11. HP: 68/84 MP: 19/22
  9501 | D:9      | Found a shattered altar of Ashenzari.
  9849 | D:9      | Noticed a green ugly thing
  9861 | D:9      | Noticed a red ugly thing
  9869 | D:9      | Killed a green ugly thing
  9873 | D:9      | Killed a green ugly thing
  9873 | D:9      | Reached skill level 5 in Conjurations
  9873 | D:9      | Reached skill level 5 in Hexes
  9873 | D:9      | Reached skill level 5 in Summonings
  9873 | D:9      | Reached skill level 5 in Necromancy
  9873 | D:9      | Reached skill level 5 in Translocations
  9873 | D:9      | Reached skill level 5 in Transmutations
  9873 | D:9      | Reached skill level 5 in Fire Magic
  9873 | D:9      | Reached skill level 5 in Ice Magic
  9873 | D:9      | Reached skill level 5 in Air Magic
  9873 | D:9      | Reached skill level 5 in Earth Magic
  9873 | D:9      | Reached skill level 5 in Poison Magic
 10183 | D:9      | Identified the ring of Nenozado {+Fly rElec MR+ SInv}
 10183 | D:9      | Noticed a wizard
 10190 | D:9      | Killed a wizard
 10258 | D:9      | Identified the Collected Works on Frigorific Orientation
 10263 | D:9      | Got an ichor-stained shortbow
 10271 | D:9      | Identified the +6 shortbow "Zeup" {flame, MR+ Int+3 SInv}
                  | (You found it on level 9 of the Dungeon)
 10872 | D:10     | Entered Level 10 of the Dungeon
 10924 | D:10     | Found a staircase to the Orcish Mines.
 11111 | D:10     | Noticed Harold
 11120 | D:10     | Killed Harold
 11141 | D:10     | Noticed a two-headed ogre
 11148 | D:10     | Killed a two-headed ogre
 11362 | D:10     | Noticed Urug
 11382 | D:10     | Killed Urug
 11581 | D:10     | Got a twisted cloak
 11582 | D:10     | Identified the +1 cloak of the Wasteland {Harm rElec rN+
                  | Str+4} (You found it on level 10 of the Dungeon)
 12050 | Orc:1    | Entered Level 1 of the Orcish Mines
 12226 | Orc:1    | Reached XP level 12. HP: 73/93 MP: 24/24
 12518 | Orc:2    | Entered Level 2 of the Orcish Mines
 12532 | Orc:2    | Noticed an ogre mage
 12540 | Orc:2    | Noticed a two-headed ogre
 12541 | Orc:2    | Killed an ogre mage
 12544 | Orc:2    | Noticed Sonja
 12546 | Orc:2    | Killed Sonja
 12546 | Orc:2    | Noticed an ogre mage
 12548 | Orc:2    | Noticed a two-headed ogre
 12549 | Orc:2    | Noticed a two-headed ogre
 12549 | Orc:2    | HP: 1/94 [two-headed ogre/+0 giant spiked club (22)]
 12549 | Orc:2    | Noticed a two-headed ogre
 12551 | Orc:2    | Killed a two-headed ogre
 12551 | Orc:2    | Noticed an ogre mage
 12551 | Orc:2    | Slain by an ogre mage

Illustrated notes

Levels and vault maps discovered:
D:1:      giann_forest_graveyard, layout_basic, kennysheep_flooded_box,
          minmay_pentomino_u4
D:2:      layout_basic, nemelex_xobeh_ov_fountains_minmay, elyvilon_altar_5
D:3:      layout_basic, lemuel_doored_altar, ebering_ghost_sewer_d,
          nicolae_qazlal_general_emergency
D:4:      layout_basic, tgw_trog, minmay_temple_entry_nine_rooms, first_ration,
          dk_noncrumbling_3
D:5:      kennysheep_spiral_hall, layout_basic, nrook_loot_triangle
D:6:      layout_rooms, marbit_many_paths, serial_glass, glass_columns_a,
          glass_columns_a
D:7:      layout_loops_cross, yredelemnul_forgotten_temple_becter,
          kennysheep_mini, serial_shops, kennysheep_little_box, uniq_duvessa,
          uniq_maggie
D:8:      layout_cave_pools, hellmonk_ghost_happy_afterlife, the_bakery,
          grunt_decor_mini_mirrors, dk_noncrumbling_4, chequers_arboretum,
          mrwooster_statue_mirror
D:9:      minmay_the_grid_triangle_9x9_recursive_2_mashed
          [minmay_the_grid_triangle_9x9_prize_schism,
          minmay_the_grid_triangle_9x9_empty,
          minmay_the_grid_triangle_9x9_corruption,
          minmay_the_grid_triangle_9x9_limited_checkers], layout_cave_pools,
          nicolae_ashenzari_panopticon, serial_shops, shop, ebering_ghost_xom
D:10:     layout_loops_ring, orc_0_dummy, hangedman_glass_teeth, uniq_urug,
          uniq_harold
D:11:     layout_stronghold, grunt_lair_entry_orc_guard_hut, serial_glass,
          glass_columns_a, glass_columns_c, due_unseen_surprise,
          minmay_strange_pillars, minmay_strange_pillars, minmay_another_anthill
Orc:1:    layout_caves, mines2_david
Orc:2:    st_orc_ogre_mass, layout_caves, nicolae_orc_bridge_out, uniq_rupert,
          uniq_sonja

Skill      XL: |  1  2  3  4  5  6  7  8  9 10 11 12 |
---------------+-------------------------------------+-----
Spellcasting   | 5 6 7 8 |  8.7
Invocations    | 1 2 3 4 5 6 7 |  7.6
Short Blades   | 1 2 3 4 5 6 7 |  7.0
Long Blades    | 1 2 3 4 5 6 7 |  7.0
Axes           | 1 2 3 4 5 6 7 |  7.0
Maces & Flails | 1 2 3 4 5 6 7 |  7.0
Staves         | 1 2 3 4 5 6 7 |  7.0
Slings         | 1 2 3 4 5 6 7 |  7.0
Bows           | 1 2 3 4 5 6 7 |  7.0
Crossbows      | 1 2 3 4 5 6 7 |  7.0
Throwing       | 1 2 3 4 5 6 7 |  7.0
Stealth        | 1 2 3 4 5 6 7 |  7.0
Shields        | 1 2 3 4 5 6 7 |  7.0
Unarmed Combat | 1 2 3 4 5 6 7 |  7.0
Evocations     | 1 2 3 4 5 6 7 |  7.0
Conjurations   | 1 2 3 4 5 |  5.8
Hexes          | 1 2 3 4 5 |  5.8
Summonings     | 1 2 3 4 5 |  5.8
Necromancy     | 1 2 3 4 5 |  5.8
Translocations | 1 2 3 4 5 |  5.8
Transmutations | 1 2 3 4 5 |  5.8
Fire Magic     | 1 2 3 4 5 |  5.8
Ice Magic      | 1 2 3 4 5 |  5.8
Air Magic      | 1 2 3 4 5 |  5.8
Earth Magic    | 1 2 3 4 5 |  5.8
Poison Magic   | 1 2 3 4 5 |  5.8
Armour         | 3 4 5 6 7 |  7.5
Fighting       | 5 6 7 8 |  8.4
Polearms       | 5 6 7 8 |  8.4
Dodging        | 5 6 7 8 |  8.4
Charms         | 6 7 8 |  8.1

Action                   |  1- 3 |  4- 6 |  7- 9 | 10-12 || total
-------------------------+-------+-------+-------+-------++-------
Melee: Spear             |   102 |   141 |       |       ||   243
       Bite              |     8 |    15 |    33 |    29 ||    85
       Punch             |     1 |     1 |     2 |       ||     4
       Trident           |       |    58 |   123 |       ||   181
       Halberd           |       |       |    79 |   219 ||   298
       Eveningstar       |       |       |       |     5 ||     5
 Fire: Shortbow          |       |       |       |    68 ||    68
Throw: Dart              |       |       |       |     8 ||     8
 Cast: Infusion          |     4 |     8 |     2 |     5 ||    19
       Song of Slaying   |     3 |     8 |    10 |    11 ||    32
       Spectral Weapon   |       |     5 |    31 |    30 ||    66
       Shroud of Golubri |       |     1 |     3 |     6 ||    10
  Use: Scroll            |       |       |     3 |     2 ||     5
 Stab: Sleeping          |     1 |     6 |     5 |     5 ||    17
       Distracted        |       |       |     1 |     1 ||     2
  Eat: Chunk             |     2 |     9 |    14 |    14 ||    39
Armor: Leather armour    |    17 |    27 |    15 |       ||    59
       Swamp dragon scal |       |       |    16 |    64 ||    80
Dodge: Dodged            |    53 |    78 |   149 |   198 ||   478
